 Dungeon Crawl Stone Soup version 0.31-a0-940-gdaa99269f9 (webtiles) character file.

Game seed: 9337557770571543550

598 Shayle the Trooper (level 7, 0/71 HPs)
             Began as an Ogre Hexslinger on Oct 20, 2023.
             Slain by Pikel
             ... wielding a +0 whip of flaming
              (9 damage)
             ... on level 3 of the Dungeon.
             The game lasted 00:06:51 (3987 turns).

Shayle the Trooper (Ogre Hexslinger)                Turns: 3987, Time: 00:06:52

Health: 0/71       AC:  3    Str: 13    XL:     7   Next: 40%
Magic:  12/13      EV: 10    Int: 16    God:
Gold:   178        SH:  0    Dex: 11    Spells: 12/14 levels left

rFire   . . .        a - +1 sling
rCold   . . .        (no shield)
rNeg    . . .        c - +0 robe
rPois   .            (helmet restricted)
rElec   .            (no cloak)
rCorr   .            (gloves unavailable)
SInv    +            (boots unavailable)
Will    .....        (no amulet)
Stlth   +            (no ring)
HPRegen 0.31/turn    (no ring)
MPRegen 0.13/turn

%: no passive effects
@: brilliant, weak-willed
A: large, unfitting armour, tough skin 1
a: no special abilities


You were on level 3 of the Dungeon.
You visited 1 branch of the dungeon, and saw 4 of its levels.

You collected 178 gold pieces.

Inventory:

Hand Weapons
 a - a +1 sling (weapon)
 l - a +4 spectral club
Armour
 c - a +0 robe (worn)
 j - the +0 robe "Ziurelov" {Drain rC+ Dex+2}
   (You took it off an orc on level 3 of the Dungeon)

   Dex+2:     It affects your dexterity (+2).
   rC+:       It protects you from cold.
   Drain:     It drains your maximum health when unequipped.
Jewellery
 m - a ring of fire
Wands
 h - a wand of iceblast (4)
Scrolls
 b - a scroll of poison
 d - 3 scrolls of identify {unknown}
 e - 2 scrolls of amnesia {unknown}
 g - a scroll of enchant weapon {unknown}
 i - a scroll of enchant armour {unknown}
 k - a scroll of revelation
 n - a scroll of teleportation {unknown}
 q - a scroll of fear {unknown}
Potions
 f - a potion of degeneration {unknown}
 o - a potion of curing {unknown}
 p - 2 potions of brilliance


   Skills:
 + Level 4.7 Fighting
 + Level 1.9 Maces & Flails
 - Level 1.3 Ranged Weapons
 + Level 3.6 Dodging
 + Level 4.1 Spellcasting
 - Level 2.6 Hexes
 + Level 3.3 Fire Magic


You had 12 spell levels left.
You knew the following spells:

 Your Spells              Type           Power      Damage    Failure   Level
a - Jinxbite              Hex            34%        N/A       9%          2

Your spell library contained the following spells:

 Spells                   Type           Power      Damage    Failure   Level
 Inner Flame              Hex/Fire       19%        N/A       14%         3
 Sting                    Tmut/Pois      16%        1d3       17%         1
 Sigil of Binding         Hex            17%        N/A       17%         3
 Poisonous Vapours        Pois/Air       8%         N/A       26%         2
 Cause Fear               Hex            8%         N/A       50%         4
 Dimensional Bullseye     Hex/Tloc       5%         N/A       67%         4
 Olgreb's Toxic Radiance  Pois           4%         N/A       86%         4


Dungeon Overview and Level Annotations

Branches:
Dungeon (4/15)
 Temple: D:4-7

Altars:

Annotations:
D:3 Pikel


Innate Abilities, Weirdness & Mutations

You are too large for most types of armour.
You have tough skin. (AC +1)


Message History

You feel your willpower being sapped.
Pikel hits you with a +0 whip of flaming.
Pikel burns you.
You shoot a sling bullet. The sling bullet hits Pikel.
Pikel is lightly wounded.
Pikel hits you with a +0 whip of flaming!
Pikel burns you.
Unknown command.
You shoot a sling bullet. The sling bullet closely misses Pikel.
Pikel hits you with a +0 whip of flaming!
Pikel burns you.
You shoot a sling bullet. The sling bullet closely misses Pikel.
Pikel hits you with a +0 whip of flaming.
Pikel burns you.
Pikel hits you with a +0 whip of flaming.
Pikel burns you.
You shoot a sling bullet. The sling bullet hits Pikel.
Pikel is lightly wounded.
A giggling sprite leaps out and smacks Pikel with his own hand.
Pikel is lightly wounded.
Pikel hits you but does no damage.
You shoot a sling bullet. The sling bullet closely misses Pikel.
The jinxing sprites lose interest in you.
Pikel hits you with a +0 whip of flaming!
* * * LOW HITPOINT WARNING * * *
Pikel burns you.
* * * LOW HITPOINT WARNING * * *
Unknown command.
It was a potion of brilliance.
You feel clever all of a sudden.
Pikel hits you with a +0 whip of flaming.
* * * LOW HITPOINT WARNING * * *
Pikel burns you.
* * * LOW HITPOINT WARNING * * *
As you read the scroll labelled ODWYCWE NENUVA, it crumbles to dust.
You feel momentarily disoriented.
It was a scroll of revelation.
Pikel seems less drained.
Pikel hits you with a +0 whip of flaming!
You die...
Pikel says, "Another soul for the market."

#.....#..#.#######..#####.
#........#.####...........
#.....#.##.####.###.##....
#.....#.##.####.# #.####.#
###.###.........# #.# #.#
##########.######.########.## #.#
#...........#####.#######...###.#
#)#.#####...#####K######.........
#..#............@.######....#####
†.###.###.##############.#..# .##
##.##.##############.##.# ##
##.#.##############.##.# .##
##.##.##############.##.#
#.###.###.##############.##.#
##.#.## #.##############.##.#
##.## #..........#####.##.# ###
#.#######.).........#


You could see Pikel.

Vanquished Creatures
  Menkaure (D:4)
  A black bear (D:4)
  A lemure (D:4)
  3 orc priests (D:3)
  2 hounds (D:4)
  A sleepcap (D:4)
  Jessica (D:2)
  An orc wizard (D:3)
  4 gnolls
  2 adders (D:4)
  A worm (D:2)
  3 dart slugs
  8 orcs
  3 ball pythons
  5 bats
  12 endoplasms
  3 giant cockroaches
  6 goblins
  5 hobgoblins
  3 jackals (D:1)
  6 kobolds
  7 quokkas
  5 frilled lizards
  7 rats
91 creatures vanquished.

Notes
Turn   | Place    | Note
-------+----------+-------------------------------------------
     0 | D:1      | Shayle the Ogre Hexslinger began the quest for the Orb.
     0 | D:1      | Reached XP level 1. HP: 19/19 MP: 2/2
    28 | D:1      | Reached skill level 1 in Fire Magic
   129 | D:1      | Reached XP level 2. HP: 24/28 MP: 2/4
   132 | D:1      | Learned a level 2 spell: Jinxbite
   509 | D:1      | Reached XP level 3. HP: 35/35 MP: 5/5
  1244 | D:2      | Noticed Jessica
  1248 | D:2      | Killed Jessica
  1249 | D:2      | Reached XP level 4. HP: 44/44 MP: 7/7
  1952 | D:3      | Reached XP level 5. HP: 43/53 MP: 9/9
  2187 | D:3      | Found a faded altar of an unknown god.
  2442 | D:3      | Identified the +0 robe "Ziurelov" {Drain rC+ Dex+2}
  2614 | D:3      | Reached XP level 6. HP: 13/62 MP: 10/10
  2984 | D:4      | Noticed Menkaure
  2987 | D:4      | Killed Menkaure
  2988 | D:4      | Reached skill level 1 in Maces & Flails
  3176 | D:4      | Reached XP level 7. HP: 60/71 MP: 12/12
  3789 | D:4      | Noticed Pikel
  3987 | D:3      | Slain by Pikel

Illustrated notes

Levels and vault maps discovered:
D:1:      zelgadis_glass_arrival_small, layout_loops_corners
D:2:      layout_basic, serial_co_window_serial, co_window_of_opportunity_a,
          co_window_of_opportunity_a, co_window_of_opportunity_a,
          co_window_cross_1, co_window_corner_a, co_window_of_opportunity_a,
          co_window_of_opportunity_a, co_window_2corner, co_window_corner_b,
          co_window_paths_c, co_window_corner_b, co_window_corner_cb,
          glass_columns_b, glass_columns_b, glass_columns_a, uniq_jessica
D:3:      layout_loops_ring, ebering_ecumenical_altar_rust
D:4:      layout_cave_pods, mainiacjoe_overflow_surrounded_room, uniq_menkaure,
          uniq_pikel

Skill      XL: |  1  2  3  4  5  6  7 |
---------------+----------------------+-----
Fire Magic     | 1 2 3 |  3.3
Dodging        | 2 3 |  3.6
Fighting       | 2 3 4 |  4.7
Spellcasting   | 2 3 4 |  4.1
Maces & Flails | 1 |  1.9
Ranged Weapons | |  1.3
Hexes          | |  2.6

Action                     |  1- 3 |  4- 6 |  7- 9 || total
---------------------------+-------+-------+-------++-------
  Melee: Club              |       |    81 |    38 ||   119
   Fire: Sling             |   144 |    35 |    14 ||   193
   Cast: Jinxbite          |       |       |     4 ||     4
  Evoke: Wand              |       |     2 |       ||     2
    Use: Potion            |       |     4 |     1 ||     5
         Scroll            |       |       |     1 ||     1
   Stab: Sleeping          |       |       |     1 ||     1
 Armour: Robe              |    48 |    66 |    49 ||   163
         Skin              |       |     1 |       ||     1
  Dodge: Dodged            |    65 |    62 |    19 ||   146

Table legend: (Time is in decaauts)
 A = Elapsed time spent in this place.
 B = Non-inter-level travel time spent in this place.
 C = Inter-level travel time spent in this place.
 D = Time resting spent in this place.
 E = Time spent auto-exploring this place.
 F = Levels seen in this place.
 G = Mean time per level.
                   A        B        C        D        E       F      G
               +--------+--------+--------+--------+--------+-----+--------+
         Total |   4081 |   4020 |     61 |    391 |   2811 |   4 | 1020.2 |
       Dungeon |   4081 |   4020 |     61 |    391 |   2811 |   4 | 1020.2 |
               +--------+--------+--------+--------+--------+-----+--------+

Top non-repeatable levels by time:
     D:3: 1277 daAuts
     D:1: 1069 daAuts
     D:2: 904 daAuts
     D:4: 829 daAuts
